 Dungeon Crawl Stone Soup version 0.21.1-1-g345015f (webtiles) character file.

133 JeffiDaFish the Digger (level 5, -2/28 HPs)
             Began as a Gargoyle Earth Elementalist on Feb 12, 2018.
             Slain by a gnoll
             ... wielding a +0 spear
              (6 damage)
             ... on level 2 of the Dungeon on Feb 13, 2018.
             The game lasted 00:06:42 (1338 turns).

JeffiDaFish the Digger (GrEE)                       Turns: 1338, Time: 00:06:42

Health: -2/28      AC:  6    Str: 11    XL:     5   Next: 16%
Magic:  3/10       EV: 12    Int: 17    God:
Gold:   22         SH:  0    Dex: 10    Spells: 7/11 levels left

rFire    + . .     SeeInvis +   f - +1 short sword
rCold    . . .     Gourm    .   (no shield)
rNeg     + . .     Faith    .   c - +0 robe
rPois    ∞         Spirit   .   (no helmet)
rElec    +         Reflect  .   (no cloak)
rCorr    .         Harm     .   (no gloves)
MR       .....                  (no boots)
Stlth    ++........             (no amulet)
HPRegen  0.09/turn              h - ring of see invisible
MPRegen  0.12/turn              i - ring of protection from fire

@: no status effects
A: negative energy resistance 1, electricity resistance, unbreathing,
petrification resistance, rot immunity, AC +4
a: no special abilities


You were on level 2 of the Dungeon.
You were hungry.

You visited 1 branch of the dungeon, and saw 2 of its levels.

You collected 22 gold pieces.

Inventory:

Hand Weapons
 f - a +1 short sword (weapon)
 j - a cursed -3 flail
Missiles
 b - 62 stones (quivered)
Armour
 c - a +0 robe (worn)
Jewellery
 h - a ring of see invisible (left hand)
 i - a ring of protection from fire (right hand)
Scrolls
 g - a scroll of identify
Books
 e - a book of Geomancy

   Spells                             Type                      Level
   a - Sandblast                      Earth                        1
   b - Passwall                       Transmutation/Earth          2
   c - Stone Arrow                    Conjuration/Earth            3
   d - Petrify                        Transmutation/Earth          4
   e - Lee's Rapid Deconstruction     Earth                        5
Comestibles
 a - 2 chunks of flesh
 d - 3 rations


   Skills:
 - Level 1.5 Dodging
 - Level 2.2 Stealth
 + Level 3.6 Spellcasting
   Level 0.7 Transmutations
 + Level 5.4 Earth Magic


You had 7 spell levels left.
You knew the following spells:

 Your Spells              Type           Power        Failure   Level  Hunger
a - Sandblast             Erth           ###...       1%          1    None
b - Stone Arrow           Conj/Erth      ##....       16%         3    ###....


Dungeon Overview and Level Annotations

Branches:
Dungeon (2/15)

Altars:


Innate Abilities, Weirdness & Mutations

You are resistant to torment.
Your stone body is resilient. (AC +4)
You are immune to poison.
You resist negative energy. (rN+)
You are resistant to electric shocks. (rElec)
You can survive without breathing.
You are immune to petrification.
You are immune to rotting.


Message History

Some of the chunks of flesh in your inventory have rotted away.
Casting: Sandblast
Confirm with . or Enter, or press ? or * to list all spells.
Aiming: Sandblast
Press: ? - help, Shift-Dir - straight line, f/p - gnoll
Aim: a gnoll, wielding a whip (almost dead)
The blast of sand hits the gnoll.
You kill the gnoll!
b - 62 stones You see here a whip.
The gnoll throws a throwing net.
The throwing net hits you.
You become entangled in the net!
You see here a throwing net.
You struggle against the net.
You struggle against the net.
The gnoll hits you from afar with a spear.
* * * LOW HITPOINT WARNING * * *
You shred the net and break free!
The gnoll hits you from afar with a spear.
You die...

#<#.# ###.#
#.#
##########
#.#
.gg...†..#
#.#
########g#
#.# #.# #.#
#.# #.# #.#
#@# #.# #.#
#.# #g#
#.#######.#
#.......#.#
#######.#.#
#...# ###.#
###


You could see a gnoll.

Vanquished Creatures
  Natasha (thrice) (D:2)
  A gnoll (D:2)
  An adder (D:2)
  An ooze (D:2)
  A dart slug (D:1)
  3 leopard geckos
  A ball python (D:2)
  A bat (D:2)
  A giant cockroach (D:1)
  2 goblins
  4 hobgoblins (D:1)
  10 kobolds
  3 rats (D:1)
32 creatures vanquished.

Notes
Turn   | Place    | Note
-------+----------+-------------------------------------------
     0 | D:1      | JeffiDaFish the Gargoyle Earth Elementalist began the quest for the Orb.
     0 | D:1      | Reached XP level 1. HP: 10/10 MP: 3/3
   123 | D:1      | Reached skill level 4 in Earth Magic
   123 | D:1      | Reached XP level 2. HP: 15/15 MP: 0/5
   884 | D:1      | Reached XP level 3. HP: 14/19 MP: 6/6
  1116 | D:2      | Noticed Natasha
  1123 | D:2      | Killed Natasha
  1123 | D:2      | Reached XP level 4. HP: 14/24 MP: 2/8
  1197 | D:2      | Noticed Natasha
  1206 | D:2      | Learned a level 3 spell: Stone Arrow
  1209 | D:2      | Killed Natasha
  1209 | D:2      | Reached skill level 5 in Earth Magic
  1233 | D:2      | Noticed Natasha
  1286 | D:2      | HP: 1/24 [Natasha/magic dart (6)]
  1287 | D:2      | Killed Natasha
  1287 | D:2      | Reached XP level 5. HP: 1/28 MP: 0/10
  1338 | D:2      | Slain by a gnoll

Skill      XL: |  1  2  3  4 |
---------------+-------------+-----
Earth Magic    | 4 5 |  5.4
Spellcasting   | 3 |  3.6
Dodging        | |  1.5
Stealth        | |  2.2
Transmutations | |  0.7

Action                   |  1- 3 |  4- 6 || total
-------------------------+-------+-------++-------
Melee: Short sword       |    36 |     6 ||    42
 Cast: Sandblast         |    22 |    12 ||    34
       Stone Arrow       |       |     3 ||     3
  Use: Scroll            |     8 |       ||     8
       Potion            |     1 |       ||     1
 Stab: Sleeping          |     4 |       ||     4
  Eat: Chunk             |     1 |       ||     1
Armor: Robe              |    13 |    11 ||    24
Dodge: Dodged            |    24 |    21 ||    45
